cohdb
Replays
Latest Replays
All Replays
Popular Replays
Top Player Replays
Match Explorer
How It Works
Community
CoH3 Stats
Reddit
Sign in to upload your games and track your stats! →
Sign in with Steam
Match 43405724
Unlisted
Match 43405724
Overview
Messages
Build Orders
End
Construct Barracks
1⁄4-ton 4x4 Truck
Riflemen Squad
Selects Armored Battlegroup
Selects Veteran Crews
Riflemen Squad
Engineer Squad
Riflemen Squad
Infantry Support Center
Construct Medical Station
M1918 Browning Automatic Rifles
Construct Weapon Support Center
Selects M31 Recovery Vehicle
Selects War Machine
Advanced Logistics
ConcernedApe
Eilte
Take care of yourself
Hunter
0
0
Comments
sign in to comment!
No comments posted yet!